AoeStats
← schmeno

Oasis

507840250Analyzed
3v3 RM · 13d ago on Sep 19, 2026· 64m 36s· 6 players
Game mode
Random Map
Map size
Normal (6 player)
Population
200
Speed
Normal
Resources
Standard
Victory
Conquest
Starting age
Dark Age
Ending age
Imperial Age
RankedLock teamsTeams togetherTeam positionsShared explorationLock speedFull tech treeHidden civsTurbo modeCheats
Victory
Defeat
🇺🇸 Mongols · United States
1260
+13
🇺🇸 Jurchens · United States
1219
+15
🇺🇸 Franks · United States
1179
+17
🇦🇷 Japanese · Argentina
1225
-16
🇦🇷 Aztecs · Argentina
1189
-15
🇦🇷 Persians · Argentina
1174
-14
AAOE | Cosita44
3:11 Loom
9:09 Feudal Age
9:20 Man-at-Arms
13:21 Double-Bit Axe
15:12 Arson
16:57 Horse Collar
22:56 Castle Age
22:53 Fletching
23:05 Town Watch
27:32 Wheelbarrow
30:47 Bow Saw
38:31 Imperial Age
37:26 Masonry
41:21 Conscription
42:56 Hand Cart
42:58 Elite Skirmisher
43:46 Thumb Ring
43:53 Bodkin Arrow
43:59 Padded Archer Armor
46:02 Two-Man Saw
45:18 Bracer
46:00 Ballistics
48:26 Town Patrol
52:24 Padded Archer Armor
54:04 Gold Mining
54:05 Heavy Cavalry Archer
55:11 Parthian Tactics
57:07 Chemistry
57:52 Husbandry
58:03 Bloodlines
60:43 Conscription
61:08 Gold Shaft Mining
62:10 Siege Engineers
SalvadorLimones
4:25 Loom
9:59 Feudal Age
10:06 Man-at-Arms
17:01 Double-Bit Axe
22:02 Castle Age
20:11 Gold Mining
20:28 Scale Mail Armor
20:28 Arson
20:41 Horse Collar
21:55 Forging
23:29 Wheelbarrow
23:31 Bow Saw
24:13 Eagle Warrior
26:54 Chain Mail Armor
34:32 Imperial Age
33:02 Pikeman
35:46 Plate Mail Armor
44:29 Iron Casting
44:50 Garland Wars
47:12 Blast Furnace
45:51 Elite Eagle Warrior
61:13 Squires
61:00 Gambesons
Tony
4:35 Loom
5:47 Loom
7:54 Loom
9:49 Feudal Age
14:49 Castle Age
13:25 Double-Bit Axe
13:27 Horse Collar
14:59 Wheelbarrow
15:44 Heavy Plow
16:49 Bow Saw
19:48 Hand Cart
23:21 Forging
23:19 Scale Barding Armor
23:28 Bloodlines
23:19 Husbandry
25:27 Iron Casting
28:29 Town Watch
33:20 Imperial Age
31:08 Stone Mining
32:28 Chain Barding Armor
32:58 Town Patrol
32:56 Murder Holes
32:59 Heavy Camel Rider
35:17 Blast Furnace
37:34 Conscription
38:26 Plate Barding Armor
48:18 Light Cavalry
49:55 Hussar
52:13 Two-Man Saw
54:19 Crop Rotation
57:49 Capped Ram
Tired Cock
11:56 Feudal Age
15:43 Castle Age
17:11 Loom
18:05 Scale Barding Armor
24:03 Bloodlines
27:27 Husbandry
33:21 Horse Collar
36:20 Double-Bit Axe
41:22 Forging
45:50 Wheelbarrow
49:00 Imperial Age
48:02 Hand Cart
48:37 Ballistics
48:34 Siege Engineers
53:21 Chain Barding Armor
56:34 Scale Mail Armor
57:10 Iron Casting
56:39 Squires
56:25 Arson
56:26 Elite Fire Lancer
57:58 Chain Mail Armor
59:01 Elite Steppe Lancer
61:31 Plate Barding Armor
60:49 Fletching
63:10 Light Cavalry
schmeno
10:18 Feudal Age
11:25 Loom
18:39 Castle Age
17:53 Stone Mining
23:32 Fletching
24:08 Gold Mining
30:18 Imperial Age
29:18 Bodkin Arrow
31:59 Chemistry
31:27 Forging
32:50 Cavalier
33:55 Scale Barding Armor
34:27 Wheelbarrow
34:16 Husbandry
34:48 Paladin
37:11 Masonry
37:46 Double-Bit Axe
43:22 Scale Mail Armor
44:02 Iron Casting
45:34 Elite Throwing Axeman
46:40 Chain Mail Armor
47:25 Blast Furnace
47:39 #83
49:58 Ballistics
49:46 Siege Engineers
49:22 Light Cavalry
56:30 Chain Barding Armor
Deputy Dong
10:23 Feudal Age
11:05 Loom
14:25 Wheelbarrow
16:21 Double-Bit Axe
21:29 Castle Age
20:06 Fletching
20:55 Padded Archer Armor
22:48 Bodkin Arrow
24:00 Leather Archer Armor
24:17 Bow Saw
25:23 Ballistics
28:02 Bloodlines
27:53 Husbandry
33:12 Imperial Age
34:30 Bracer
36:25 Parthian Tactics
36:06 Thumb Ring
38:16 Chemistry
43:57 Forging
43:53 Scale Barding Armor
43:30 Light Cavalry
45:16 Conscription
45:00 Elite Mangudai
46:04 Scale Mail Armor
46:22 Gold Mining
55:02 Hand Cart
56:14 Iron Casting
55:59 Chain Barding Armor
55:59 Hussar
59:53 Blast Furnace
Connection lost

Rejoining the realm…

Still unreachable

The connection could not be restored.

Session expired

The server has moved on; the page needs a fresh start.